 Dungeon Crawl Stone Soup version 0.30-a0-269-gf0224bf7b6 (webtiles) character file.

Game seed: 13593670904088991608

105 bande the Covered (level 4, 0/29 HPs)
             Began as a Gargoyle Fighter on Oct 14, 2022.
             Slain by a gnoll
             ... wielding a +0 whip
              (1 damage)
             ... on level 3 of the Dungeon.
             The game lasted 00:02:46 (1268 turns).

bande the Covered (Gargoyle Fighter)                Turns: 1268, Time: 00:02:48

Health: 0/29       AC: 15    Str: 19    XL:     4   Next: 83%
Magic:  4/4        EV:  7    Int:  9    God:
Gold:   42         SH:  0    Dex: 11    Spells: 3/3 levels left

rFire   . . .      SeeInvis .    a - +0 war axe
rCold   . . .      Faith    .    c - +0 buckler
rNeg    + . .      Spirit   .    i - +0 chain mail
rPois   ∞          Reflect  .    n - +0 helmet
rElec   +          Harm     .    (no cloak)
rCorr   .          Rampage  .    (no gloves)
Will    .....                    j - +0 pair of boots
Stlth   ..........               (no amulet)
HPRegen 0.24/turn                (no ring)
MPRegen 0.09/turn                (no ring)

@: confused
A: sickness immunity, AC +3, negative energy resistance 1, electricity
resistance, torment resistance 1, petrification resistance
a: no special abilities


You were on level 3 of the Dungeon.
You visited 1 branch of the dungeon, and saw 3 of its levels.

You collected 42 gold pieces.

Inventory:

Hand Weapons
 a - a +0 war axe (weapon)
Armour
 c - a +0 buckler (worn)
 i - a +0 chain mail (worn)
 j - a +0 pair of boots (worn)
 n - a +0 helmet (worn)
Scrolls
 e - a scroll of teleportation
 k - a scroll of blinking
Potions
 d - a potion of might
 f - 2 potions of curing
 l - a potion of resistance {unknown}
 m - a potion of cancellation {unknown}


   Skills:
 + Level 3.7 Fighting
 + Level 2.9 Axes
 + Level 4.5 Armour
 + Level 3.7 Shields


You had 3 spell levels left.
You didn't know any spells.
Your spell library contained the following spells:

 Spells                   Type           Power      Damage    Failure   Level
 Magic Dart               Conj           0%         1d3       99%         1
 Call Imp                 Summ           0%         N/A       100%        2
 Mephitic Cloud           Conj/Pois/Air  0%         N/A       100%        3


Dungeon Overview and Level Annotations

Branches:
Dungeon (3/15)

Altars:


Innate Abilities, Weirdness & Mutations

You are immune to sickness and miasma.
Your stone body is resilient. (AC +3)
You are immune to poison.
You resist negative energy. (rN+)
You are resistant to electric shocks. (rElec)
You are resistant to unholy torment.
You are immune to petrification.


Message History

You kill the gnoll!
The gnoll hits you with a +0 whip. The gnoll barely misses you.
Something hits you but does no damage.
Unknown command.
You hit the gnoll.
The gnoll is severely wounded.
You hit the gnoll but do no damage. You miss something.
You hear some strange, mumbled words.
You are confused.
The gnoll hits you but does no damage. x2
Unknown command.
You bump into the rock wall.
You hear some strange, mumbled words.
You are more confused.
The gnoll hits you but does no damage. The gnoll completely misses you.
You slash the gnoll!
You kill the gnoll!
You closely miss the gnoll. You closely miss something.
Something hits you but does no damage.
The gnoll hits you but does no damage. x2
You hear some strange, mumbled words.
Something tries to affect you, but you resist.
Unknown command.
Something hits you. The gnoll attacks as you move away!
The gnoll hits you with a +0 whip.
You hear some strange, mumbled words.
You are more confused.
There is an open door here.
Things that are here:
a +0 whip; a gnoll corpse Unknown command.
Something hits you but does no damage. The gnoll barely misses you.
Things that are here:
a +0 short sword; a +0 leather armour; an orc corpse You bump into the rock wall.
You hear some strange, mumbled words.
A puff of flame appears from out of thin air!
The puff of flame hits you!
* * * LOW HITPOINT WARNING * * *
The gnoll hits you with a +0 whip.
You die...

#####.#...
......#...
###....#....
#...........
#.#........
#.#)†...#+#
###.#)......#.
+...g{).......
###.#@...##...
#.###### #.#
#<# ###


You could see a gnoll.

Vanquished Creatures
  3 gnolls
  2 adders (D:2)
  2 worms (D:2)
  A dart slug (D:1)
  2 orcs (D:3)
  6 ball pythons
  5 endoplasms
  2 giant cockroaches (D:1)
  7 goblins
  6 hobgoblins
  3 kobolds
  2 bats
  2 frilled lizards
  3 rats
46 creatures vanquished.

Notes
Turn   | Place    | Note
-------+----------+-------------------------------------------
     0 | D:1      | bande the Gargoyle Fighter began the quest for the Orb.
     0 | D:1      | Reached XP level 1. HP: 14/14 MP: 1/1
    41 | D:1      | Reached XP level 2. HP: 18/19 MP: 2/2
    70 | D:1      | Found a faded altar of an unknown god.
   203 | D:1      | Reached XP level 3. HP: 23/23 MP: 3/3
   433 | D:1      | Reached skill level 4 in Armour
   791 | D:2      | Reached XP level 4. HP: 26/28 MP: 4/4
  1268 | D:3      | HP: 1/29 [something/puff of flame (10)]
  1268 | D:3      | Slain by a gnoll

Illustrated notes

Levels and vault maps discovered:
D:1:      wander_arrival_peaceful_grave, layout_basic,
          hellmonk_ecumenical_altar_leap_of_faith, chequers_serial_rivers_room_b
D:2:      layout_rooms, nicolae_titane
D:3:      layout_basic

Skill      XL: |  1  2  3 |
---------------+----------+-----
Axes           | 2 |  2.9
Armour         | 4 |  4.5
Fighting       | |  3.7
Shields        | |  3.7

Action                   |  1- 3 |  4- 6 || total
-------------------------+-------+-------++-------
Melee: War axe           |    71 |    52 ||   123
  Use: Scroll            |     4 |     4 ||     8
       Potion            |       |     1 ||     1
Armor: Scale mail        |    28 |       ||    28
       Chain mail        |    22 |    64 ||    86
Dodge: Dodged            |    31 |    37 ||    68
Block: Buckler           |     8 |    17 ||    25

Table legend: (Time is in decaauts)
 A = Elapsed time spent in this place.
 B = Non-inter-level travel time spent in this place.
 C = Inter-level travel time spent in this place.
 D = Time resting spent in this place.
 E = Time spent auto-exploring this place.
 F = Levels seen in this place.
 G = Mean time per level.
                   A        B        C        D        E       F      G
               +--------+--------+--------+--------+--------+-----+--------+
         Total |   1325 |   1325 |      0 |      0 |    912 |   3 |  441.7 |
       Dungeon |   1325 |   1325 |      0 |      0 |    912 |   3 |  441.7 |
               +--------+--------+--------+--------+--------+-----+--------+

Top non-repeatable levels by time:
     D:2: 705 daAuts
     D:1: 576 daAuts
     D:3: 44 daAuts
